AoeStats
← AlejoLodbrok

Arena

510191522Analyzed
2v2 RM · 13h ago on Sep 29, 2026· 41m 18s· 4 players
Game mode
Random Map
Map size
Medium (4 player)
Population
200
Speed
Normal
Resources
Standard
Victory
Conquest
Starting age
Dark Age
Ending age
Imperial Age
RankedLock teamsTeams togetherTeam positionsShared explorationLock speedFull tech treeHidden civsTurbo modeCheats
Victory
Defeat
🇨🇴 Maya · Colombia
633
+17
🇨🇴 Malay · Colombia
562
+19
🇨🇱 Malay · Chile
651
-37
🇨🇱 Ethiopians · Chile
651
-37
J Stark 8910
0:55 Loom
13:12 Feudal Age
14:31 Wheelbarrow
13:47 Double-Bit Axe
13:47 Horse Collar
15:40 Fletching
15:51 Padded Archer Armor
18:37 Gold Mining
18:38 Stone Mining
22:38 Castle Age
24:11 Bodkin Arrow
24:39 Crossbowman
27:21 Leather Archer Armor
27:27 Bow Saw
27:31 Heavy Plow
30:04 Ballistics
29:40 Murder Holes
31:34 Stone Shaft Mining
30:52 Treadmill Crane
35:35 Imperial Age
34:40 Thumb Ring
37:45 Chemistry
36:57 Masonry
38:16 Bracer
39:16 Arbalester
AlejoLodbrok
6:11 Loom
11:43 Feudal Age
12:17 Double-Bit Axe
13:35 Horse Collar
20:48 Castle Age
19:15 Stone Mining
20:24 Forging
21:24 Pikeman
22:25 Arson
22:41 Squires
23:27 Iron Casting
25:06 Gold Mining
29:07 Wheelbarrow
29:25 Padded Archer Armor
29:16 Fletching
30:48 Clinker Construction
30:34 Murder Holes
30:55 Bow Saw
35:07 Imperial Age
34:25 Gold Shaft Mining
36:59 Hand Cart
36:59 Treadmill Crane
38:12 Heavy Scorpion
el 3.14chula
11:43 Feudal Age
12:24 Double-Bit Axe
14:41 Horse Collar
19:37 Castle Age
19:35 Padded Archer Armor
20:54 Stone Mining
30:29 Forging
30:20 Scale Mail Armor
31:33 Wheelbarrow
32:15 Iron Casting
40:19 Loom
pensandobrigido1
11:43 Feudal Age
12:12 Wheelbarrow
11:37 Double-Bit Axe
11:39 Horse Collar
15:27 Town Watch
20:40 Castle Age
19:05 Forging
18:55 Gold Mining
19:08 Stone Mining
22:12 Hand Cart
23:46 Iron Casting
23:14 Squires
23:00 Arson
24:15 Bow Saw
24:12 Heavy Plow
30:38 Gold Shaft Mining
41:42 Imperial Age
Connection lost

Rejoining the realm…

Still unreachable

The connection could not be restored.

Session expired

The server has moved on; the page needs a fresh start.